 Dungeon Sprint DCSS version 0.31.0-32-g396128a36d (webtiles) character file.

Game seed: 14861983290998318118

3145 Heoruswealwe the Impaler (level 9, -10/94 HPs)
             Began as a Minotaur Fighter on Mar 9, 2024.
             Was an Initiate of Gozag.
             Mangled by a 12-headed hydra (11 damage)
             ... in the Dungeon (Sprint IX: "|||||||||||||||||||||||||||||").
             The game lasted 00:02:45 (414 turns).

Heoruswealwe the Impaler (Minotaur Fighter)          Turns: 414, Time: 00:02:46

Health: -10/94     AC: 16    Str: 25    XL:     9   Next: 62%
Magic:  8/8        EV: 12    Int:  5    God:    Gozag
Gold:   549        SH:  0    Dex: 10    Spells: 8/8 levels left

rFire   . . .        b - +2 halberd (venom)
rCold   . . .        (shield currently unavailable)
rNeg    . . .        c - +1 scale mail
rPois   .            (helmet restricted)
rElec   .            h - +0 cloak
rCorr   .            (no gloves)
SInv    .            e - +0 pair of boots
Will    .....        (no amulet) Stlth
                     k - +2 ring of evasion
HPRegen 0.35/turn    j - +2 ring of protection
MPRegen 0.11/turn

%: no teleportation
@: no status effects
A: horns 2, retaliatory headbutt
a: Renounce Religion, Potion Petition, Call Merchant, Bribe Branch


You were in the Dungeon.
You worshipped Gozag.
Gozag was pleased with you.
You visited 1 branch You collected 549 gold pieces.

Inventory:

Hand Weapons
 a - a +0 trident
 b - a +2 halberd of venom (weapon)
Armour
 c - a +1 scale mail (worn)
 d - a +0 buckler
 e - a +0 pair of boots (worn)
 h - a +0 cloak (worn)
Jewellery
 j - a +2 ring of protection (right hand)
 k - a +2 ring of evasion (left hand)
Wands
 l - a wand of roots (10)
Scrolls
 o - 2 scrolls of blinking
Potions
 f - a potion of heal wounds
 g - a potion of haste
 i - a potion of berserk rage
 m - 4 potions of curing
 n - a potion of might


   Skills:
 + Level 13.8 Fighting
 * Level 18.5 Polearms
 + Level 13.8 Armour
 - Level 3.6 Shields


You had 8 spell levels left.
You didn't know any spells.
Your spell library was empty.

Dungeon Overview and Level Annotations

Branches:
Dungeon (1/1)

Altars:
Cheibriados
Dithmenos
Elyvilon
Fedhas
Gozag
Hepliaklqana
Kikubaaqudgha
Makhleb
Nemelex Xobeh
Okawaru
Qazlal
Ru
Sif Muna
Trog
Uskayaw
Vehumet
Wu Jian
Xom
Yredelemnul
Zin
The Shining One
Jiyva
Lugonu


Innate Abilities, Weirdness & Mutations

You have a pair of horns on your head.
You reflexively headbutt those who attack you in melee.


Message History

The seven-headed hydra grows two more!
You hit the nine-headed hydra.
Your headbutt misses the nine-headed hydra.
The nine-headed hydra is heavily wounded.
The nine-headed hydra bites you!
The nine-headed hydra bites you but does no damage.
The nine-headed hydra bites you. x2
The nine-headed hydra bites you but does no damage.
The nine-headed hydra closely misses you.
The nine-headed hydra bites you but does no damage. x2
The nine-headed hydra bites you!
You slice one of the nine-headed hydra's heads off!
The eight-headed hydra grows two more!
You slash the ten-headed hydra! You headbutt the ten-headed hydra!
The ten-headed hydra is moderately wounded.
Unknown command.
You chop one of the ten-headed hydra's heads off!
The nine-headed hydra grows two more!
You puncture the 11-headed hydra!
The 11-headed hydra is heavily wounded.
The 11-headed hydra bites you but does no damage. x3
The 11-headed hydra closely misses you.
The 11-headed hydra bites you but does no damage.
The 11-headed hydra bites you. The 11-headed hydra bites you!
* * * LOW HITPOINT WARNING * * *
The 11-headed hydra bites you.
* * * LOW HITPOINT WARNING * * *
The 11-headed hydra bites you but does no damage.
The 11-headed hydra bites you.
* * * LOW HITPOINT WARNING * * *
The 11-headed hydra bites you!
* * * LOW HITPOINT WARNING * * *
Unknown command.
You lop one of the 11-headed hydra's heads off!
The ten-headed hydra grows two more!
You hit the 12-headed hydra. You headbutt the 12-headed hydra!
The 12-headed hydra is heavily wounded.
The 12-headed hydra bites you.
* * * LOW HITPOINT WARNING * * *
The 12-headed hydra bites you!
You die...
Your body crumbles into a pile of gold.

▓+▓
▓.▓
▓.▓
▓.▓
▓{▓
▓D▓
▓@▓
▓$▓
▓.▓
▓.▓
▓.▓
▓.▓
▓.▓
▓.▓
▓)▓


You could see a 12-headed hydra.

Vanquished Creatures
  A two-headed ogre (D)
  2 centaur warriors (D)
  An arcanist (D)
  A komodo dragon (D)
  A hornet (D)
  A spriggan (shapeshifter) (D)
  A shadow (D)
  A killer bee (D)
  A hound (D)
  An orc priest (D)
  An iguana (D)
  A white imp (D)
  An ufetubus (D)
  An orc (D)
  An endoplasm (D)
  2 giant cockroaches (D)
  2 hobgoblins (D)
20 creatures vanquished.

Notes
Turn   | Place    | Note
-------+----------+-------------------------------------------
     0 | D        | Heoruswealwe the Minotaur Fighter began the quest for the
                  | Orb.
     0 | D        | Reached XP level 1. HP: 19/19 MP: 0/0
     6 | D        | Reached skill level 3 in Polearms
    20 | D        | Reached skill level 4 in Polearms
    26 | D        | Noticed an iguana
    26 | D        | Noticed a hound
    29 | D        | Reached XP level 2. HP: 27/28 MP: 1/1
    39 | D        | Reached skill level 5 in Polearms
    42 | D        | Reached skill level 5 in Fighting
    42 | D        | Reached skill level 6 in Polearms
    42 | D        | Reached skill level 5 in Armour
    42 | D        | Reached XP level 3. HP: 23/36 MP: 2/2
    46 | D        | Reached skill level 7 in Polearms
    46 | D        | Reached XP level 4. HP: 9/44 MP: 3/3
    53 | D        | Found a snail-covered altar of Cheibriados.
    53 | D        | Found a shadowy altar of Dithmenos.
    53 | D        | Found a white marble altar of Elyvilon.
    53 | D        | Found a blossoming altar of Fedhas.
    53 | D        | Found an opulent altar of Gozag.
    54 | D        | Found a hazy altar of Hepliaklqana.
    55 | D        | Found a viscous altar of Jiyva.
    56 | D        | Found an ancient bone altar of Kikubaaqudgha.
    57 | D        | Found a corrupted altar of Lugonu.
    58 | D        | Found a burning altar of Makhleb.
    59 | D        | Found a sparkling altar of Nemelex Xobeh.
    60 | D        | Found an iron altar of Okawaru.
    61 | D        | Became a worshipper of Gozag Ym Sagoz the Greedy
    62 | D        | Found a stormy altar of Qazlal.
    63 | D        | Found a sacrificial altar of Ru.
    64 | D        | Found a shimmering blue altar of Sif Muna.
    65 | D        | Found a bloodstained altar of Trog.
    66 | D        | Found a hide-covered altar of Uskayaw.
    67 | D        | Found a radiant altar of Vehumet.
    68 | D        | Found an ornate altar of the Wu Jian Council.
    69 | D        | Found a shimmering altar of Xom.
    70 | D        | Found a basalt altar of Yredelemnul.
    71 | D        | Found a glowing silver altar of Zin.
    72 | D        | Found a glowing golden altar of the Shining One.
   176 | D        | Noticed a komodo dragon
   176 | D        | Noticed a hornet
   176 | D        | Noticed a shadow
   176 | D        | Noticed a two-headed ogre
   179 | D        | Reached skill level 8 in Polearms
   185 | D        | Killed a two-headed ogre
   186 | D        | Reached skill level 10 in Fighting
   186 | D        | Reached skill level 13 in Polearms
   186 | D        | Reached skill level 10 in Armour
   186 | D        | Reached XP level 5. HP: 39/59 MP: 4/4
   186 | D        | Reached XP level 6. HP: 44/67 MP: 5/5
   186 | D        | Reached XP level 7. HP: 48/73 MP: 6/6
   192 | D        | Killed a shadow
   193 | D        | Reached skill level 14 in Polearms
   198 | D        | Killed a hornet
   199 | D        | Reached XP level 8. HP: 42/82 MP: 7/7
   201 | D        | Killed a komodo dragon
   202 | D        | Reached skill level 15 in Polearms
   386 | D        | Noticed a five-headed hydra
   386 | D        | Noticed a centaur warrior
   386 | D        | Noticed a centaur warrior
   386 | D        | Noticed an arcanist
   388 | D        | Killed an arcanist
   389 | D        | Reached skill level 16 in Polearms
   398 | D        | Killed a centaur warrior
   399 | D        | Reached skill level 17 in Polearms
   399 | D        | Reached XP level 9. HP: 77/93 MP: 8/8
   407 | D        | Killed a centaur warrior
   408 | D        | Reached skill level 18 in Polearms
   414 | D        | HP: 1/94 [12-headed hydra (6)]
   414 | D        | Mangled by a 12-headed hydra

Illustrated notes

Levels and vault maps discovered:
D:        linesprint [early_d, line_temple, items_1, d_10, items_2, lair_1,
          lair_end, items_3, orc_1, orc_end, items_4, d_15, swamp_1, shoals_1,
          snake_1, spider_1, d_20, vaults_1, items_5, swamp_end, shoals_end,
          snake_end, spider_end, vaults_end, d_27, items_6, zot_1, zot_end,
          crypt_end, forest_end, elf_end, slime_end, tomb_end, abyss_end,
          pan_hell_end]

Skill      XL: |  1  2  3  4  5  6  7  8  9 |
---------------+----------------------------+-----
Polearms       | 4 6 7 13 14 17 18 | 18.5
Fighting       | 4 5 6 10 11 13 | 13.8
Armour         | 4 5 6 10 11 13 | 13.8
Shields        | |  3.6

Action                     |  1- 3 |  4- 6 |  7- 9 || total
---------------------------+-------+-------+-------++-------
  Melee: Trident           |    34 |       |       ||    34
         Headbutt          |     3 |       |    11 ||    14
         Halberd           |       |     7 |    41 ||    48
    Use: Potion            |       |     2 |     1 ||     3
 Armour: Scale mail        |    25 |     6 |    61 ||    92
  Dodge: Dodged            |    16 |     4 |    18 ||    38
  Block: Buckler           |     4 |       |       ||     4
